[ AOE2 MATCH · #484384689 ]
Team RMMagyars vs Vietnamese
[ REPLAY ANALYSIS · EXTRACTED FROM THE RECORDED GAME ]
Feudal
15:25
Castle
26:27
Imperial
49:48
| APM avg | 10.2 |
| APM peak | 27 |
| eAPM avg | 7.2 |
| Villagers / military | 73 / 59 |
Focus
⚔️ 27.3% · 🌾 72.7%
Magyar Huszar ×44 · Trade Cart ×16 · Trebuchet (Packed) ×10 · Battering Ram ×3 · Scout Cavalry ×2
Feudal
18:22
Castle
27:30
Imperial
39:43
| APM avg | 12.1 |
| APM peak | 56 |
| eAPM avg | 8.7 |
| Villagers / military | 91 / 71 |
Focus
⚔️ 29.6% · 🌾 70.4%
Battle Elephant ×39 · Rattan Archer ×21 · Trade Cart ×10 · Bombard Cannon ×8 · Monk ×2 · Mangonel ×1
Feudal
12:20
Castle
27:26
Imperial
48:32
| APM avg | 13.4 |
| APM peak | 62 |
| eAPM avg | 11.4 |
| Villagers / military | 126 / 182 |
Focus
⚔️ 38.8% · 🌾 61.2%
Spearman ×99 · Knight ×64 · Trade Cart ×37 · Demolition Raft ×19 · Fishing Ship ×13
Feudal
14:29
Castle
19:49
Imperial
33:20
| APM avg | 12.9 |
| APM peak | 29 |
| eAPM avg | 10.4 |
| Villagers / military | 80 / 260 |
Focus
⚔️ 27.9% · 🌾 72.1%
Spearman ×180 · Huskarl ×60 · Trade Cart ×19 · Bombard Cannon ×16 · Militia ×2 · Monk ×1
Feudal
13:52
Castle
23:26
Imperial
31:54
| APM avg | 8.0 |
| APM peak | 36 |
| eAPM avg | 7.2 |
| Villagers / military | 101 / 123 |
Focus
⚔️ 38.7% · 🌾 61.3%
Spearman ×48 · Ballista Elephant ×26 · Knight ×25 · Trade Cart ×19 · Scorpion ×17 · Trebuchet (Packed) ×7
Feudal
10:30
Castle
28:07
Imperial
41:18
| APM avg | 15.7 |
| APM peak | 71 |
| eAPM avg | 9.8 |
| Villagers / military | 101 / 84 |
Focus
⚔️ 26.3% · 🌾 73.7%
Spearman ×29 · Monaspa ×25 · Knight ×15 · Militia ×6 · Trebuchet (Packed) ×5 · Trade Cart ×3
Feudal
—
Castle
—
Imperial
—
| APM avg | 5.9 |
| APM peak | 13 |
| eAPM avg | 5.4 |
| Villagers / military | 70 / 108 |
Focus
⚔️ 31.6% · 🌾 68.4%
Knight ×107 · Trade Cart ×7 · Monk ×1
Feudal
16:46
Castle
21:32
Imperial
36:19
| APM avg | 14.5 |
| APM peak | 32 |
| eAPM avg | 11.2 |
| Villagers / military | 81 / 104 |
Focus
⚔️ 32.3% · 🌾 67.7%
Genoese Crossbowman ×53 · Fishing Ship ×41 · Trade Cart ×23 · Bombard Cannon ×13 · Skirmisher ×10 · Hand Cannoneer ×10
Match map
Initial resources + every placement click. Lines = walls · curves = elevation contours. ◆ gold · ⬟ stone · ● berries · ✦ relic · ◌ wall gap
Your base· ✓ Closed at 26:27 · 109t walls · 9 gate(s)
Marth's base· ✓ Closed at 27:30 · 42t walls · 2 gate(s)
7up's base· ✓ Closed at 27:26 · 48t walls · 2 gate(s)
Kato's base· ✓ Closed at 19:49 · 10t walls · no gate
Pipy_Skunk's base· ✓ Closed at 23:26 · 35t walls · 1 gate(s)
Ikkon27's base· ✓ Closed at 28:07 · 35t walls · no gate
ACS905870's base· ✓ Closed at 21:59 · 20t walls · 1 gate(s)
Asdizio's base· ✓ Closed at 21:32 · 66t walls · 7 gate(s)
Smoothed initial terrain · ◌ = detected wall gap · hover for details
Inputs per minute
— Rythir - - Marth
Build order — Rythir
First 150 of 193 actions detected
| 0:03 | Research | Loom |
| 0:04 | Create | Villager (Male) ×4 |
| 0:38 | Build | Palisade Wall |
| 0:43 | Build | Palisade Wall |
| 0:45 | Build | Palisade Wall |
| 0:51 | Build | Palisade Wall |
| 0:59 | Build | House |
| 1:00 | Build | House |
| 5:24 | Create | Villager (Male) ×4 |
| 6:56 | Create | Villager (Male) ×2 |
| 8:03 | Build | Mill |
| 8:24 | Create | Villager (Male) ×4 |
| 9:01 | Build | House |
| 9:03 | Build | House |
| 9:04 | Build | House |
| 10:31 | Create | Villager (Male) |
| 11:20 | Create | Villager (Male) |
| 11:38 | Build | Lumber Camp |
| 12:35 | Create | Villager (Male) |
| 13:15 | Research | Feudal Age |
| 14:53 | Build | Mill |
| 15:25 | Age | Feudal Age |
| 15:26 | Build | Mining Camp |
| 15:44 | Build | Stone Wall |
| 15:48 | Build | Gate |
| 15:53 | Build | Gate |
| 16:06 | Build | Gate |
| 16:16 | Build | Mining Camp |
| 16:19 | Create | Villager (Male) ×5 |
| 16:19 | Create | Villager (Male) ×5 |
| 16:19 | Create | Villager (Male) ×5 |
| 17:09 | Build | Mill |
| 18:12 | Build | Stone Wall |
| 18:16 | Build | Gate |
| 18:18 | Build | Gate |
| 20:27 | Build | Stone Wall |
| 20:31 | Build | Gate |
| 20:37 | Build | Gate |
| 20:54 | Build | House |
| 20:55 | Build | House |
| 20:56 | Build | House |
| 21:15 | Build | Blacksmith |
| 21:42 | Build | Barracks |
| 22:34 | Build | House |
| 22:36 | Build | House |
| 22:37 | Build | House |
| 22:43 | Create | Villager (Male) |
| 22:52 | Research | Horse Collar |
| 22:54 | Research | Double-Bit Axe |
| 23:04 | Build | Stable |
| 23:38 | Build | Farm |
| 23:42 | Build | Mill |
| 23:47 | Research | Castle Age |
| 23:59 | Build | Archery Range |
| 24:10 | Build | Lumber Camp |
| 25:05 | Build | Stone Wall |
| 25:09 | Build | Gate |
| 25:10 | Build | Gate |
| 26:08 | Build | Stone Wall |
| 26:27 | Age | Castle Age |
| 26:40 | Build | Farm |
| 26:41 | Build | Farm |
| 26:42 | Build | Farm |
| 26:42 | Build | Farm |
| 26:43 | Build | Farm |
| 26:44 | Build | Farm |
| 26:47 | Build | Farm |
| 26:52 | Create | Villager (Male) |
| 26:52 | Create | Villager (Male) |
| 26:54 | Create | Scout Cavalry |
| 27:19 | Research | Scale Barding Armor |
| 27:26 | Research | Husbandry |
| 27:31 | Build | Farm |
| 28:28 | Build | Stone Wall |
| 28:32 | Build | Stone Wall |
| 28:35 | Build | Gate |
| 28:37 | Build | Gate |
| 28:48 | Create | Villager (Male) |
| 28:48 | Create | Villager (Male) |
| 29:38 | Build | Market |
| 29:47 | Create | Villager (Male) ×5 |
| 29:48 | Create | Villager (Male) ×5 |
| 29:48 | Create | Villager (Male) |
| 30:40 | Build | Monastery |
| 30:49 | Build | House |
| 30:50 | Build | House |
| 30:52 | Build | House |
| 31:19 | Research | Light Cavalry (upgrade) |
| 31:34 | Create | Trade Cart |
| 31:51 | Build | Lumber Camp |
| 32:04 | Build | Mining Camp |
| 32:11 | Research | Bloodlines |
| 32:12 | Create | Scout Cavalry |
| 32:54 | Build | House |
| 32:55 | Build | House |
| 32:55 | Build | House |
| 32:58 | Build | House |
| 32:59 | Build | House |
| 33:00 | Build | House |
| 33:15 | Build | University |
| 33:19 | Build | House |
| 33:20 | Build | House |
| 33:24 | Build | Town Center |
| 33:33 | Build | House |
| 33:34 | Build | House |
| 33:44 | Research | Gold Mining |
| 34:13 | Create | Villager (Male) ×5 |
| 34:13 | Create | Villager (Male) ×2 |
| 35:30 | Build | Mining Camp |
| 35:34 | Research | Stone Mining |
| 35:46 | Create | Trade Cart ×5 |
| 35:50 | Create | Trade Cart ×5 |
| 35:50 | Create | Trade Cart ×5 |
| 36:04 | Build | Farm |
| 36:10 | Build | Mill |
| 36:40 | Build | Castle |
| 36:58 | Build | Mining Camp |
| 37:01 | Research | Wheelbarrow |
| 37:12 | Create | Villager (Male) ×4 |
| 38:35 | Build | Farm |
| 38:46 | Build | Farm |
| 39:02 | Build | Farm |
| 39:10 | Build | Farm |
| 39:21 | Build | Castle |
| 39:40 | Research | Corvinian Army |
| 39:52 | Build | Farm |
| 39:55 | Build | Mill |
| 39:59 | Research | Heavy Plow |
| 40:04 | Create | Villager (Male) ×5 |
| 40:57 | Build | Stone Wall |
| 41:01 | Build | Gate |
| 41:03 | Build | Gate |
| 41:06 | Build | Gate |
| 41:11 | Build | Farm |
| 41:17 | Build | Farm |
| 41:24 | Research | Hand Cart |
| 41:35 | Build | Farm |
| 41:47 | Research | Fletching |
| 42:18 | Build | Castle |
| 42:24 | Build | Mining Camp |
| 42:32 | Create | Villager (Male) ×4 |
| 43:19 | Build | Farm |
| 43:20 | Build | Farm |
| 43:26 | Create | Magyar Huszar |
| 43:28 | Create | Magyar Huszar |
| 43:45 | Build | Farm |
| 43:46 | Build | Farm |
| 44:28 | Build | Siege Workshop |
| 44:31 | Build | Siege Workshop |
| 44:43 | Create | Villager (Male) ×5 |
Build order — Marth
First 150 of 333 actions detected
| 0:08 | Research | Loom |
| 0:08 | Create | Villager (Male) |
| 0:09 | Create | Villager (Male) |
| 0:09 | Create | Villager (Male) |
| 0:10 | Create | Villager (Male) |
| 0:10 | Create | Villager (Male) |
| 1:04 | Build | House |
| 1:06 | Build | House |
| 1:25 | Build | Palisade Wall |
| 4:43 | Build | Palisade Wall |
| 5:23 | Build | Palisade Gate |
| 5:50 | Create | Villager (Male) |
| 5:50 | Create | Villager (Male) |
| 6:52 | Create | Villager (Male) |
| 6:52 | Create | Villager (Male) |
| 7:31 | Create | Villager (Male) |
| 8:45 | Create | Villager (Male) |
| 8:45 | Create | Villager (Male) |
| 9:05 | Build | House |
| 9:06 | Build | House |
| 9:17 | Build | Mill |
| 9:29 | Create | Villager (Male) |
| 9:56 | Create | Villager (Male) |
| 10:27 | Create | Villager (Male) |
| 10:27 | Create | Villager (Male) |
| 11:46 | Create | Villager (Male) |
| 11:46 | Create | Villager (Male) |
| 11:46 | Create | Villager (Male) |
| 12:10 | Build | Lumber Camp |
| 13:27 | Create | Villager (Male) |
| 13:27 | Create | Villager (Male) |
| 14:21 | Create | Villager (Male) |
| 14:39 | Build | House |
| 14:40 | Build | House |
| 14:56 | Build | Mining Camp |
| 15:22 | Create | Villager (Male) |
| 15:27 | Create | Villager (Male) |
| 15:28 | Research | Feudal Age |
| 15:42 | Create | Villager (Male) |
| 16:45 | Create | Villager (Male) |
| 16:45 | Create | Villager (Male) |
| 16:48 | Create | Villager (Male) |
| 16:48 | Create | Villager (Male) |
| 18:01 | Create | Villager (Male) |
| 18:01 | Create | Villager (Male) |
| 18:01 | Create | Villager (Male) |
| 18:22 | Age | Feudal Age |
| 18:31 | Build | Stone Wall |
| 18:37 | Build | Stone Wall |
| 18:56 | Build | Stone Wall |
| 19:03 | Build | Gate |
| 19:18 | Build | Market |
| 19:47 | Build | Mill |
| 20:40 | Create | Trade Cart |
| 21:03 | Build | Blacksmith |
| 21:07 | Build | House |
| 21:08 | Build | House |
| 21:46 | Build | Barracks |
| 22:06 | Build | Farm |
| 22:18 | Create | Villager (Male) |
| 22:19 | Create | Villager (Male) |
| 22:51 | Build | Farm |
| 22:53 | Build | Farm |
| 22:55 | Build | Farm |
| 22:56 | Build | Farm |
| 22:58 | Build | Farm |
| 23:21 | Create | Villager (Male) |
| 23:21 | Create | Villager (Male) |
| 24:37 | Build | Farm |
| 24:43 | Build | Farm |
| 24:50 | Research | Castle Age |
| 24:52 | Create | Villager (Male) |
| 24:52 | Create | Villager (Male) |
| 24:54 | Create | Villager (Male) |
| 24:54 | Create | Villager (Male) |
| 25:12 | Build | Market |
| 25:26 | Build | Farm |
| 25:28 | Build | Farm |
| 25:29 | Build | Farm |
| 25:31 | Build | Farm |
| 25:41 | Create | Villager (Male) |
| 25:42 | Create | Villager (Male) |
| 25:56 | Build | Farm |
| 25:58 | Build | Farm |
| 26:26 | Create | Trade Cart |
| 27:30 | Age | Castle Age |
| 27:43 | Create | Villager (Male) |
| 27:43 | Create | Villager (Male) |
| 27:43 | Create | Villager (Male) |
| 27:43 | Create | Villager (Male) |
| 28:01 | Build | Castle |
| 28:12 | Build | Town Center |
| 28:18 | Create | Villager (Male) |
| 28:18 | Create | Villager (Male) |
| 28:19 | Create | Villager (Male) |
| 28:36 | Build | Monastery |
| 29:00 | Build | Farm |
| 29:01 | Build | Farm |
| 29:15 | Build | House |
| 29:17 | Build | House |
| 29:19 | Build | House |
| 29:20 | Build | House |
| 29:21 | Build | House |
| 29:23 | Build | House |
| 29:32 | Create | Monk |
| 29:45 | Build | Farm |
| 29:47 | Build | Farm |
| 29:49 | Build | Farm |
| 29:56 | Create | Rattan Archer |
| 29:56 | Create | Rattan Archer |
| 31:17 | Create | Monk |
| 31:42 | Build | University |
| 31:59 | Create | Villager (Male) |
| 31:59 | Create | Villager (Male) |
| 31:59 | Create | Villager (Male) |
| 32:00 | Create | Villager (Male) |
| 32:08 | Create | Villager (Male) |
| 32:09 | Create | Villager (Male) |
| 32:09 | Create | Villager (Male) |
| 32:19 | Build | Town Center |
| 32:27 | Build | Farm |
| 32:29 | Build | Farm |
| 33:06 | Build | Stable |
| 33:27 | Create | Villager (Male) |
| 33:28 | Create | Villager (Male) |
| 33:30 | Research | Wheelbarrow |
| 33:36 | Research | Double-Bit Axe |
| 33:40 | Research | Horse Collar |
| 33:43 | Research | Gold Mining |
| 33:44 | Research | Stone Mining |
| 33:49 | Create | Villager (Male) |
| 33:49 | Create | Villager (Male) |
| 34:05 | Create | Trade Cart |
| 34:05 | Create | Trade Cart |
| 34:05 | Create | Trade Cart |
| 34:06 | Create | Trade Cart |
| 34:06 | Create | Trade Cart |
| 34:06 | Create | Trade Cart |
| 34:32 | Build | Stable |
| 34:52 | Build | Stable |
| 34:59 | Create | Rattan Archer |
| 34:59 | Create | Rattan Archer |
| 35:08 | Build | Farm |
| 35:17 | Create | Villager (Male) |
| 35:17 | Create | Villager (Male) |
| 35:18 | Create | Villager (Male) |
| 35:18 | Create | Villager (Male) |
| 35:18 | Create | Villager (Male) |
| 35:18 | Create | Villager (Male) |
| 35:37 | Build | Farm |
Build order — 7up
First 150 of 474 actions detected
| 0:04 | Create | Villager (Male) |
| 0:04 | Create | Villager (Male) |
| 0:04 | Create | Villager (Male) |
| 0:05 | Create | Villager (Male) |
| 0:09 | Research | Loom |
| 0:11 | Create | Villager (Male) |
| 0:12 | Create | Villager (Male) |
| 0:12 | Create | Villager (Male) |
| 2:48 | Create | Villager (Male) |
| 2:48 | Create | Villager (Male) |
| 2:49 | Create | Villager (Male) |
| 3:46 | Build | Palisade Wall |
| 4:02 | Create | Villager (Male) |
| 4:02 | Create | Villager (Male) |
| 4:02 | Create | Villager (Male) |
| 4:36 | Create | Villager (Male) |
| 4:37 | Create | Villager (Male) |
| 5:30 | Create | Villager (Male) |
| 5:50 | Create | Villager (Male) |
| 5:51 | Create | Villager (Male) |
| 5:52 | Create | Villager (Male) |
| 7:07 | Create | Villager (Male) |
| 7:25 | Build | Mill |
| 8:44 | Build | Lumber Camp |
| 8:46 | Create | Villager (Male) |
| 8:47 | Create | Villager (Male) |
| 8:47 | Create | Villager (Male) |
| 10:10 | Research | Feudal Age |
| 10:55 | Build | Barracks |
| 10:58 | Create | Villager (Male) |
| 10:58 | Create | Villager (Male) |
| 11:20 | Build | Mining Camp |
| 11:55 | Create | Villager (Male) |
| 11:55 | Create | Villager (Male) |
| 11:55 | Create | Villager (Male) |
| 12:20 | Age | Feudal Age |
| 12:26 | Research | Double-Bit Axe |
| 12:28 | Research | Horse Collar |
| 12:30 | Create | Villager (Male) |
| 12:53 | Build | Stone Wall |
| 12:58 | Build | Gate |
| 13:12 | Create | Villager (Male) |
| 13:12 | Create | Villager (Male) |
| 13:34 | Build | Stone Wall |
| 13:40 | Build | Gate |
| 13:48 | Create | Villager (Male) |
| 13:52 | Create | Villager (Male) |
| 14:29 | Research | Man-at-Arms (upgrade) |
| 15:05 | Create | Villager (Male) |
| 15:07 | Create | Villager (Male) |
| 15:23 | Build | Farm |
| 15:25 | Build | Farm |
| 15:27 | Build | Farm |
| 15:30 | Build | Farm |
| 15:34 | Build | Farm |
| 15:36 | Build | Farm |
| 15:50 | Create | Villager (Male) |
| 15:50 | Create | Villager (Male) |
| 16:04 | Build | Farm |
| 16:20 | Build | Farm |
| 16:31 | Build | Farm |
| 16:52 | Build | Farm |
| 17:13 | Build | Farm |
| 17:19 | Create | Villager (Male) |
| 17:19 | Create | Villager (Male) |
| 17:19 | Create | Villager (Male) |
| 17:46 | Create | Villager (Male) |
| 17:46 | Create | Villager (Male) |
| 18:00 | Build | Dock |
| 18:21 | Research | Gold Mining |
| 18:26 | Create | Villager (Male) |
| 19:01 | Build | Farm |
| 19:04 | Create | Demolition Raft |
| 19:05 | Create | Demolition Raft |
| 19:19 | Research | Tech 906 |
| 19:28 | Create | Villager (Male) |
| 19:28 | Create | Villager (Male) |
| 19:28 | Create | Villager (Male) |
| 19:42 | Build | Lumber Camp |
| 20:12 | Build | Market |
| 20:43 | Build | Market |
| 21:00 | Build | Blacksmith |
| 21:03 | Create | Villager (Male) |
| 21:04 | Create | Villager (Male) |
| 21:04 | Create | Villager (Male) |
| 21:04 | Create | Villager (Male) |
| 21:04 | Create | Villager (Male) |
| 21:05 | Create | Villager (Male) |
| 21:05 | Create | Villager (Male) |
| 21:05 | Create | Villager (Male) |
| 21:15 | Create | Demolition Raft |
| 21:21 | Create | Fishing Ship |
| 21:22 | Create | Fishing Ship |
| 21:23 | Create | Fishing Ship |
| 21:23 | Create | Fishing Ship |
| 21:49 | Research | Stone Mining |
| 22:44 | Build | Farm |
| 22:46 | Build | Farm |
| 22:47 | Build | Farm |
| 22:52 | Build | Farm |
| 22:54 | Build | Farm |
| 22:56 | Build | Farm |
| 22:59 | Build | Farm |
| 23:01 | Build | Farm |
| 23:06 | Build | Farm |
| 23:08 | Build | Farm |
| 23:49 | Build | Farm |
| 23:56 | Build | Farm |
| 24:46 | Research | Castle Age |
| 24:46 | Research | Castle Age |
| 25:14 | Build | Stable |
| 25:15 | Build | Stable |
| 25:18 | Build | Stable |
| 25:24 | Build | Stable |
| 25:26 | Build | Stable |
| 25:42 | Create | Demolition Raft |
| 25:42 | Create | Demolition Raft |
| 25:43 | Create | Demolition Raft |
| 26:20 | Create | Trade Cart |
| 26:20 | Create | Trade Cart |
| 26:54 | Build | Lumber Camp |
| 27:09 | Create | Villager (Male) |
| 27:09 | Create | Villager (Male) |
| 27:09 | Create | Villager (Male) |
| 27:10 | Create | Villager (Male) |
| 27:10 | Create | Villager (Male) |
| 27:11 | Create | Villager (Male) |
| 27:11 | Create | Villager (Male) |
| 27:12 | Create | Villager (Male) |
| 27:26 | Age | Castle Age |
| 28:11 | Build | Outpost |
| 28:18 | Create | Trade Cart |
| 28:18 | Create | Trade Cart |
| 28:18 | Create | Trade Cart |
| 28:38 | Build | Town Center |
| 29:01 | Build | Town Center |
| 29:24 | Research | Bow Saw |
| 29:27 | Research | Heavy Plow |
| 29:31 | Create | Villager (Male) |
| 29:31 | Create | Villager (Male) |
| 30:02 | Build | Farm |
| 30:13 | Create | Villager (Male) |
| 30:13 | Create | Villager (Male) |
| 30:14 | Create | Villager (Male) |
| 30:14 | Create | Villager (Male) |
| 30:14 | Create | Villager (Male) |
| 30:15 | Create | Villager (Male) |
| 30:15 | Create | Villager (Male) |
| 30:15 | Create | Villager (Male) |
| 30:16 | Create | Villager (Male) |
Build order — Kato
First 150 of 318 actions detected
| 0:06 | Build | House |
| 0:06 | Build | House |
| 0:07 | Build | House |
| 0:08 | Build | House |
| 0:08 | Build | House |
| 0:19 | Research | Loom |
| 0:20 | Create | Villager (Male) ×4 |
| 2:14 | Create | Villager (Male) |
| 2:39 | Create | Villager (Male) |
| 3:03 | Create | Villager (Male) |
| 4:44 | Create | Villager (Male) |
| 5:16 | Create | Villager (Male) |
| 5:16 | Create | Villager (Male) |
| 6:04 | Create | Villager (Male) |
| 6:04 | Create | Villager (Male) |
| 6:54 | Build | Lumber Camp |
| 7:00 | Create | Villager (Male) |
| 7:00 | Create | Villager (Male) |
| 8:05 | Create | Villager (Male) |
| 8:05 | Create | Villager (Male) |
| 8:50 | Build | Palisade Wall |
| 9:10 | Create | Villager (Male) |
| 9:21 | Create | Villager (Male) |
| 9:56 | Build | Mill |
| 10:02 | Create | Villager (Male) |
| 10:02 | Create | Villager (Male) |
| 10:23 | Build | Barracks |
| 10:34 | Build | Mining Camp |
| 11:00 | Build | Mining Camp |
| 11:04 | Create | Villager (Male) |
| 11:46 | Build | Mill |
| 12:19 | Research | Feudal Age |
| 14:29 | Age | Feudal Age |
| 14:34 | Build | Market |
| 14:40 | Build | Lumber Camp |
| 14:49 | Create | Villager (Male) |
| 14:49 | Create | Villager (Male) |
| 15:09 | Build | Blacksmith |
| 15:13 | Build | House |
| 15:14 | Build | House |
| 15:20 | Research | Double-Bit Axe |
| 15:33 | Create | Spearman |
| 15:33 | Create | Spearman |
| 15:34 | Create | Spearman |
| 16:44 | Create | Villager (Male) |
| 17:06 | Research | Castle Age |
| 18:02 | Build | House |
| 18:03 | Build | House |
| 18:04 | Build | House |
| 18:06 | Build | House |
| 18:30 | Research | Man-at-Arms (upgrade) |
| 18:31 | Create | Militia |
| 18:32 | Create | Militia |
| 18:37 | Research | Horse Collar |
| 18:40 | Research | Stone Mining |
| 18:54 | Create | Trade Cart |
| 18:55 | Create | Trade Cart |
| 19:13 | Build | Market |
| 19:48 | Create | Villager (Male) |
| 19:48 | Create | Villager (Male) |
| 19:48 | Create | Villager (Male) |
| 19:49 | Age | Castle Age |
| 19:52 | Research | Bow Saw |
| 20:16 | Build | House |
| 20:18 | Build | House |
| 20:18 | Build | House |
| 20:27 | Build | Monastery |
| 20:33 | Create | Villager (Male) |
| 20:33 | Create | Villager (Male) |
| 21:10 | Research | Heavy Plow |
| 21:28 | Create | Monk |
| 23:22 | Build | Farm |
| 23:23 | Build | Farm |
| 23:24 | Build | Farm |
| 23:25 | Build | Farm |
| 23:26 | Build | Farm |
| 23:28 | Build | Farm |
| 23:29 | Build | Farm |
| 23:30 | Build | Farm |
| 23:32 | Build | Farm |
| 23:33 | Build | Farm |
| 23:34 | Build | Farm |
| 24:06 | Create | Villager (Male) |
| 24:06 | Create | Villager (Male) |
| 24:06 | Create | Villager (Male) |
| 24:14 | Build | House |
| 24:31 | Build | Castle |
| 24:59 | Build | Mill |
| 25:03 | Build | Farm |
| 25:14 | Build | Farm |
| 26:33 | Build | Mining Camp |
| 26:40 | Build | Farm |
| 27:05 | Create | Villager (Male) |
| 27:05 | Create | Villager (Male) |
| 27:34 | Build | Town Center |
| 27:41 | Build | Farm |
| 27:51 | Build | Barracks |
| 27:53 | Build | Barracks |
| 28:27 | Build | Mill |
| 28:31 | Build | Farm |
| 28:34 | Create | Villager (Male) |
| 28:35 | Create | Villager (Male) |
| 28:43 | Research | Gold Mining |
| 28:48 | Create | Trade Cart |
| 28:48 | Create | Trade Cart |
| 29:29 | Build | Farm |
| 29:56 | Build | Mill |
| 30:01 | Build | Farm |
| 30:04 | Create | Villager (Male) |
| 30:04 | Create | Villager (Male) |
| 30:05 | Create | Villager (Male) |
| 30:05 | Create | Villager (Male) |
| 30:10 | Research | Imperial Age |
| 31:03 | Build | Lumber Camp |
| 31:13 | Build | Town Center |
| 31:23 | Create | Villager (Male) |
| 31:23 | Create | Villager (Male) |
| 31:27 | Research | Wheelbarrow |
| 31:28 | Research | Town Watch |
| 31:29 | Create | Villager (Male) |
| 31:29 | Create | Villager (Male) |
| 31:41 | Build | Barracks |
| 31:43 | Build | Barracks |
| 31:46 | Build | Barracks |
| 32:19 | Build | Lumber Camp |
| 32:28 | Create | Trade Cart |
| 32:28 | Create | Trade Cart |
| 33:15 | Research | Hand Cart |
| 33:20 | Age | Imperial Age |
| 33:20 | Research | Forging |
| 33:20 | Research | Scale Mail Armor |
| 33:31 | Build | House |
| 33:32 | Build | House |
| 33:33 | Build | House |
| 33:33 | Build | House |
| 33:34 | Build | House |
| 33:54 | Create | Trebuchet (Packed) |
| 34:10 | Create | Villager (Male) |
| 34:10 | Create | Villager (Male) |
| 34:14 | Create | Villager (Male) |
| 34:14 | Create | Villager (Male) |
| 34:15 | Create | Villager (Male) |
| 34:25 | Create | Villager (Male) |
| 34:25 | Create | Villager (Male) |
| 34:25 | Create | Villager (Male) |
| 35:10 | Create | Villager (Male) |
| 35:10 | Create | Villager (Male) |
| 35:20 | Research | Two-Man Saw |
| 35:27 | Research | Iron Casting |
| 35:37 | Build | Siege Workshop |
Build order — Pipy_Skunk
First 150 of 351 actions detected
| 0:14 | Build | House |
| 0:17 | Create | Villager (Male) |
| 0:17 | Create | Villager (Male) |
| 0:17 | Create | Villager (Male) |
| 0:18 | Create | Villager (Male) |
| 1:03 | Build | Mill |
| 1:43 | Build | Farm |
| 2:37 | Create | Villager (Male) |
| 3:23 | Build | Lumber Camp |
| 3:34 | Create | Villager (Male) |
| 3:49 | Build | House |
| 4:17 | Create | Villager (Male) |
| 4:46 | Build | Farm |
| 4:52 | Build | Farm |
| 5:12 | Create | Villager (Male) |
| 5:48 | Build | House |
| 6:16 | Create | Villager (Male) |
| 6:17 | Create | Villager (Male) |
| 6:40 | Build | Mining Camp |
| 6:48 | Build | Farm |
| 6:53 | Create | Villager (Male) |
| 7:16 | Build | Farm |
| 7:27 | Create | Villager (Male) |
| 7:54 | Create | Villager (Male) |
| 8:21 | Build | Farm |
| 9:23 | Build | Palisade Wall |
| 9:35 | Create | Villager (Male) |
| 9:36 | Create | Villager (Male) |
| 10:58 | Build | Palisade Gate |
| 11:24 | Build | Palisade Wall |
| 11:42 | Research | Feudal Age |
| 11:51 | Build | Farm |
| 11:55 | Build | Farm |
| 12:23 | Build | Palisade Gate |
| 12:53 | Build | Farm |
| 13:03 | Create | Villager (Male) |
| 13:03 | Create | Villager (Male) |
| 13:04 | Create | Villager (Male) |
| 13:07 | Create | Villager (Male) |
| 13:26 | Build | House |
| 13:52 | Age | Feudal Age |
| 14:12 | Build | Mining Camp |
| 14:30 | Create | Villager (Male) |
| 14:30 | Create | Villager (Male) |
| 15:19 | Build | Lumber Camp |
| 15:37 | Research | Double-Bit Axe |
| 16:10 | Create | Villager (Male) |
| 16:20 | Build | House |
| 16:38 | Build | Farm |
| 17:04 | Research | Horse Collar |
| 17:26 | Build | Farm |
| 17:35 | Build | Farm |
| 17:41 | Create | Villager (Male) |
| 17:42 | Create | Villager (Male) |
| 17:47 | Create | Villager (Male) |
| 17:48 | Create | Villager (Male) |
| 18:31 | Research | Town Watch |
| 18:45 | Build | House |
| 18:48 | Build | House |
| 19:03 | Build | Farm |
| 19:14 | Build | Farm |
| 20:02 | Build | Watch Tower |
| 20:19 | Build | Watch Tower |
| 20:46 | Research | Castle Age |
| 20:50 | Create | Villager (Male) |
| 20:50 | Create | Villager (Male) |
| 20:50 | Create | Villager (Male) |
| 21:19 | Build | House |
| 21:22 | Build | House |
| 21:34 | Create | Villager (Male) |
| 23:12 | Build | Market |
| 23:26 | Age | Castle Age |
| 23:27 | Create | Villager (Male) |
| 23:29 | Create | Villager (Male) |
| 23:29 | Create | Villager (Male) |
| 24:21 | Build | Farm |
| 24:30 | Build | Farm |
| 24:40 | Build | Farm |
| 24:59 | Create | Trade Cart |
| 24:59 | Create | Trade Cart |
| 25:02 | Create | Trade Cart |
| 25:03 | Create | Trade Cart |
| 25:45 | Build | Town Center |
| 26:22 | Build | Town Center |
| 26:55 | Create | Villager (Male) |
| 26:56 | Create | Villager (Male) |
| 27:04 | Create | Villager (Male) |
| 27:04 | Create | Villager (Male) |
| 27:07 | Create | Villager (Male) |
| 27:08 | Create | Villager (Male) |
| 28:17 | Build | Stone Wall |
| 28:27 | Build | Gate |
| 28:44 | Research | Imperial Age |
| 28:46 | Create | Villager (Male) |
| 28:46 | Create | Villager (Male) |
| 28:46 | Create | Villager (Male) |
| 28:46 | Create | Villager (Male) |
| 28:47 | Create | Villager (Male) |
| 28:47 | Create | Villager (Male) |
| 28:47 | Create | Villager (Male) |
| 28:47 | Create | Villager (Male) |
| 28:48 | Create | Villager (Male) |
| 28:48 | Create | Villager (Male) |
| 28:48 | Create | Villager (Male) |
| 28:49 | Create | Villager (Male) |
| 29:43 | Create | Villager (Male) |
| 29:44 | Create | Villager (Male) |
| 29:44 | Create | Villager (Male) |
| 29:44 | Create | Villager (Male) |
| 29:45 | Create | Villager (Male) |
| 29:45 | Create | Villager (Male) |
| 30:45 | Build | Stable |
| 30:51 | Build | Stable |
| 31:14 | Build | Barracks |
| 31:22 | Build | Barracks |
| 31:46 | Build | House |
| 31:50 | Build | House |
| 31:54 | Age | Imperial Age |
| 32:02 | Create | Trade Cart |
| 32:03 | Create | Trade Cart |
| 32:03 | Create | Trade Cart |
| 32:03 | Create | Trade Cart |
| 32:03 | Create | Trade Cart |
| 32:04 | Create | Trade Cart |
| 32:28 | Research | Town Patrol |
| 32:29 | Research | Wheelbarrow |
| 32:30 | Research | Loom |
| 32:31 | Create | Villager (Male) |
| 32:31 | Create | Villager (Male) |
| 32:31 | Create | Villager (Male) |
| 32:32 | Create | Villager (Male) |
| 32:32 | Create | Villager (Male) |
| 32:32 | Create | Villager (Male) |
| 32:44 | Build | House |
| 32:46 | Build | House |
| 32:50 | Build | House |
| 32:58 | Build | Farm |
| 33:15 | Build | Farm |
| 33:58 | Build | Castle |
| 34:05 | Build | Farm |
| 34:28 | Build | House |
| 34:30 | Build | House |
| 35:14 | Build | Siege Workshop |
| 35:32 | Build | Siege Workshop |
| 36:02 | Build | Mining Camp |
| 36:15 | Create | Villager (Male) |
| 36:15 | Create | Villager (Male) |
| 36:15 | Create | Villager (Male) |
| 36:15 | Create | Villager (Male) |
| 36:16 | Create | Villager (Male) |
Build order — Ikkon27
First 150 of 319 actions detected
| 0:04 | Build | House |
| 0:07 | Build | House |
| 0:08 | Create | Villager (Male) |
| 0:33 | Create | Villager (Male) |
| 0:47 | Create | Villager (Male) |
| 1:32 | Create | Villager (Male) |
| 2:13 | Build | Palisade Wall |
| 2:41 | Create | Villager (Male) |
| 4:04 | Create | Villager (Male) |
| 4:04 | Create | Villager (Male) |
| 4:23 | Build | House |
| 4:27 | Build | House |
| 4:43 | Create | Villager (Male) |
| 5:34 | Create | Villager (Male) |
| 6:13 | Create | Villager (Male) |
| 6:26 | Build | Outpost |
| 6:37 | Create | Villager (Male) |
| 7:49 | Build | Mill |
| 8:20 | Research | Feudal Age |
| 8:20 | Research | Feudal Age |
| 10:30 | Age | Feudal Age |
| 12:18 | Create | Villager (Male) |
| 12:20 | Research | Wheelbarrow |
| 13:43 | Create | Villager (Male) |
| 14:16 | Build | Barracks |
| 14:36 | Create | Villager (Male) |
| 14:57 | Build | Blacksmith |
| 15:07 | Create | Villager (Male) |
| 15:30 | Create | Villager (Male) |
| 15:53 | Research | Arson |
| 15:55 | Research | Man-at-Arms (upgrade) |
| 15:56 | Create | Militia |
| 15:56 | Create | Militia |
| 16:06 | Research | Forging |
| 16:21 | Build | Stable |
| 16:33 | Create | Villager (Male) |
| 16:44 | Research | Double-Bit Axe |
| 16:53 | Create | Militia |
| 17:02 | Research | Scale Mail Armor |
| 17:36 | Build | Market |
| 17:41 | Create | Villager (Male) |
| 17:45 | Create | Scout Cavalry |
| 17:54 | Build | House |
| 17:56 | Build | House |
| 17:58 | Build | House |
| 18:00 | Build | House |
| 18:08 | Build | Farm |
| 18:58 | Research | Horse Collar |
| 19:04 | Create | Scout Cavalry |
| 19:06 | Create | Militia |
| 19:20 | Create | Villager (Male) |
| 19:33 | Build | Farm |
| 19:38 | Build | Farm |
| 19:41 | Build | Farm |
| 19:43 | Build | Farm |
| 19:49 | Build | Farm |
| 20:21 | Research | Bloodlines |
| 20:40 | Create | Militia |
| 20:40 | Create | Militia |
| 20:50 | Build | Farm |
| 20:55 | Build | Farm |
| 20:59 | Build | Farm |
| 21:06 | Build | Farm |
| 21:13 | Build | Farm |
| 21:25 | Build | Farm |
| 21:29 | Create | Villager (Male) |
| 22:43 | Build | Stone Wall |
| 23:11 | Create | Villager (Male) |
| 23:15 | Create | Villager (Male) |
| 23:50 | Build | Stone Wall |
| 24:01 | Create | Villager (Male) |
| 24:16 | Build | House |
| 24:21 | Build | House |
| 24:22 | Build | House |
| 24:23 | Build | House |
| 24:25 | Build | House |
| 25:12 | Create | Trade Cart |
| 25:12 | Create | Trade Cart |
| 25:27 | Research | Castle Age |
| 25:27 | Research | Castle Age |
| 26:47 | Build | Palisade Wall |
| 27:04 | Build | House |
| 27:05 | Build | House |
| 27:06 | Build | House |
| 27:07 | Build | House |
| 27:10 | Create | Villager (Male) |
| 27:10 | Create | Villager (Male) |
| 27:39 | Build | Watch Tower |
| 27:58 | Research | Gold Mining |
| 28:04 | Build | Mule Cart |
| 28:07 | Age | Castle Age |
| 28:28 | Build | Town Center |
| 28:42 | Create | Villager (Male) |
| 28:50 | Build | Farm |
| 28:54 | Build | Farm |
| 28:57 | Build | Farm |
| 29:02 | Build | Farm |
| 29:49 | Build | Monastery |
| 30:00 | Build | Farm |
| 30:05 | Build | Farm |
| 30:11 | Create | Villager (Male) |
| 30:11 | Create | Villager (Male) |
| 30:18 | Create | Villager (Male) |
| 30:18 | Create | Villager (Male) |
| 30:34 | Create | Villager (Male) |
| 30:57 | Build | Farm |
| 30:59 | Create | Villager (Male) |
| 31:00 | Create | Villager (Male) |
| 31:15 | Build | Farm |
| 31:19 | Build | Farm |
| 31:30 | Build | Farm |
| 31:30 | Build | Farm |
| 31:37 | Research | Stone Mining |
| 31:42 | Create | Monk |
| 32:08 | Create | Villager (Male) |
| 32:27 | Create | Monk |
| 32:44 | Build | House |
| 32:46 | Build | House |
| 33:31 | Build | Farm |
| 33:40 | Build | Farm |
| 33:42 | Build | Farm |
| 33:46 | Create | Villager (Male) |
| 33:48 | Create | Villager (Male) |
| 33:51 | Create | Villager (Male) |
| 33:52 | Create | Villager (Male) |
| 34:52 | Build | Mule Cart |
| 35:23 | Build | House |
| 35:25 | Build | House |
| 35:28 | Build | House |
| 35:34 | Create | Villager (Male) |
| 35:34 | Create | Villager (Male) |
| 35:36 | Create | Villager (Male) |
| 35:36 | Create | Villager (Male) |
| 36:12 | Build | Castle |
| 36:17 | Create | Villager (Male) |
| 36:17 | Create | Villager (Male) |
| 36:19 | Create | Villager (Male) |
| 36:34 | Research | Bow Saw |
| 36:40 | Create | Villager (Male) |
| 36:41 | Create | Villager (Male) |
| 37:20 | Research | Caravan |
| 37:21 | Create | Trade Cart |
| 37:38 | Research | Hand Cart |
| 38:08 | Research | Imperial Age |
| 38:09 | Research | Imperial Age |
| 38:39 | Create | Villager (Male) |
| 38:39 | Create | Villager (Male) |
| 38:40 | Create | Villager (Male) |
| 38:41 | Create | Villager (Male) |
| 38:49 | Build | Mill |
Build order — ACS905870
First 150 of 224 actions detected
| 0:05 | Create | Villager (Male) |
| 0:05 | Create | Villager (Male) |
| 0:05 | Create | Villager (Male) |
| 0:05 | Create | Villager (Male) |
| 1:07 | Research | Loom |
| 1:20 | Create | Villager (Male) |
| 1:48 | Create | Villager (Male) |
| 2:43 | Build | Palisade Wall |
| 3:06 | Build | Lumber Camp |
| 3:12 | Create | Villager (Male) |
| 3:12 | Create | Villager (Male) |
| 3:45 | Build | Palisade Gate |
| 3:57 | Create | Villager (Male) |
| 4:43 | Create | Villager (Male) |
| 4:43 | Create | Villager (Male) |
| 5:32 | Create | Villager (Male) |
| 5:33 | Create | Villager (Male) |
| 6:01 | Create | Villager (Male) |
| 6:30 | Build | Mill |
| 6:53 | Create | Villager (Male) |
| 6:53 | Create | Villager (Male) |
| 7:26 | Create | Villager (Male) |
| 8:31 | Create | Villager (Male) |
| 8:31 | Create | Villager (Male) |
| 9:13 | Create | Villager (Male) |
| 9:13 | Create | Villager (Male) |
| 10:18 | Create | Villager (Male) |
| 10:18 | Create | Villager (Male) |
| 10:52 | Create | Villager (Male) |
| 11:47 | Create | Villager (Male) |
| 11:48 | Create | Villager (Male) |
| 12:51 | Research | Feudal Age |
| 14:02 | Build | Mining Camp |
| 14:11 | Build | Mining Camp |
| 15:03 | Research | Wheelbarrow |
| 15:04 | Create | Villager (Male) |
| 15:05 | Create | Villager (Male) |
| 16:40 | Build | Market |
| 16:50 | Create | Villager (Male) |
| 17:15 | Build | Blacksmith |
| 17:23 | Create | Villager (Male) |
| 17:41 | Create | Villager (Male) |
| 18:06 | Create | Villager (Male) |
| 18:35 | Build | Farm |
| 18:38 | Create | Villager (Male) |
| 18:53 | Build | Farm |
| 18:56 | Create | Villager (Male) |
| 19:19 | Build | Farm |
| 19:23 | Create | Villager (Male) |
| 19:46 | Build | Barracks |
| 19:53 | Create | Villager (Male) |
| 20:00 | Build | Farm |
| 20:04 | Create | Villager (Male) |
| 20:09 | Build | Farm |
| 20:34 | Build | Farm |
| 20:37 | Create | Villager (Male) |
| 21:00 | Build | Farm |
| 21:03 | Create | Villager (Male) |
| 21:25 | Build | Farm |
| 21:28 | Create | Villager (Male) |
| 21:47 | Build | Stone Wall |
| 21:56 | Build | Farm |
| 21:59 | Research | Castle Age |
| 22:16 | Build | Farm |
| 22:21 | Research | Horse Collar |
| 22:56 | Research | Double-Bit Axe |
| 23:25 | Research | Gold Mining |
| 23:45 | Research | Stone Mining |
| 25:28 | Build | Mining Camp |
| 25:54 | Research | Hand Cart |
| 25:55 | Create | Villager (Male) |
| 25:56 | Create | Villager (Male) |
| 26:07 | Build | Monastery |
| 26:16 | Build | University |
| 27:05 | Build | Stone Wall |
| 27:47 | Build | Gate |
| 28:33 | Build | Stone Wall |
| 29:32 | Build | Watch Tower |
| 29:40 | Build | Watch Tower |
| 29:45 | Build | Stone Wall |
| 29:57 | Create | Villager (Male) |
| 29:58 | Create | Villager (Male) |
| 30:03 | Build | Farm |
| 30:10 | Build | Farm |
| 30:15 | Research | Masonry |
| 30:23 | Research | Fletching |
| 30:27 | Create | Monk |
| 30:31 | Create | Trade Cart |
| 31:29 | Build | Stone Wall |
| 32:29 | Research | Imperial Age |
| 32:30 | Create | Villager (Male) |
| 32:31 | Research | Town Watch |
| 32:32 | Create | Villager (Male) |
| 32:41 | Build | Farm |
| 32:55 | Build | Farm |
| 33:22 | Build | Gate |
| 33:36 | Research | Scale Barding Armor |
| 33:38 | Research | Forging |
| 34:16 | Research | Gold Shaft Mining |
| 34:28 | Research | Bow Saw |
| 35:16 | Build | Stable |
| 35:27 | Research | Bodkin Arrow |
| 35:46 | Build | Farm |
| 36:06 | Research | Murder Holes |
| 36:07 | Research | Ballistics |
| 36:39 | Build | Stone Wall |
| 36:54 | Create | Villager (Male) |
| 36:55 | Research | Town Patrol |
| 37:03 | Build | Farm |
| 37:10 | Build | Farm |
| 37:16 | Research | Husbandry |
| 37:26 | Build | Stable |
| 37:27 | Build | Stable |
| 37:29 | Build | Stable |
| 37:31 | Build | Stable |
| 37:33 | Build | Stable |
| 37:36 | Build | Stable |
| 37:38 | Build | Stable |
| 37:44 | Create | Villager (Male) |
| 37:50 | Build | Farm |
| 37:58 | Build | Farm |
| 38:25 | Build | Farm |
| 38:32 | Build | Farm |
| 38:40 | Build | Farm |
| 38:48 | Build | Farm |
| 38:54 | Build | Farm |
| 39:02 | Create | Villager (Male) |
| 39:02 | Create | Villager (Male) |
| 39:08 | Build | Farm |
| 39:13 | Research | Cavalier (upgrade) |
| 39:15 | Research | Bloodlines |
| 39:21 | Research | Chain Barding Armor |
| 39:49 | Build | Farm |
| 40:15 | Build | Stone Wall |
| 40:28 | Build | Castle |
| 40:34 | Research | Heavy Plow |
| 40:40 | Research | Chemistry |
| 40:44 | Create | Villager (Male) |
| 40:44 | Create | Villager (Male) |
| 41:03 | Research | Iron Casting |
| 41:10 | Create | Trade Cart |
| 41:12 | Research | Coinage |
| 41:13 | Create | Trade Cart |
| 41:32 | Build | Farm |
| 41:43 | Build | Farm |
| 41:48 | Create | Villager (Male) |
| 41:48 | Create | Villager (Male) |
| 42:13 | Research | Guilds |
| 42:14 | Create | Trade Cart |
| 42:26 | Build | Farm |
Build order — Asdizio
First 150 of 328 actions detected
| 0:12 | Build | House |
| 0:29 | Create | Villager (Male) ×4 |
| 0:51 | Research | Loom |
| 2:03 | Create | Villager (Male) |
| 2:38 | Build | Palisade Wall |
| 2:40 | Build | Palisade Wall |
| 2:44 | Build | Palisade Gate |
| 2:45 | Build | Palisade Gate |
| 2:50 | Create | Villager (Male) |
| 2:55 | Build | House |
| 3:20 | Create | Villager (Male) |
| 3:21 | Create | Villager (Male) |
| 4:04 | Create | Villager (Male) |
| 4:04 | Create | Villager (Male) |
| 4:15 | Create | Villager (Male) |
| 4:31 | Build | House |
| 4:35 | Build | House |
| 4:39 | Build | House |
| 4:44 | Create | Villager (Male) ×2 |
| 5:28 | Create | Villager (Male) |
| 5:28 | Create | Villager (Male) |
| 5:28 | Create | Villager (Male) |
| 6:12 | Build | House |
| 6:16 | Create | Villager (Male) ×2 |
| 7:27 | Build | Mill |
| 8:16 | Create | Villager (Male) ×2 |
| 9:14 | Build | Dock |
| 9:27 | Build | Lumber Camp |
| 9:38 | Create | Villager (Male) |
| 9:38 | Create | Villager (Male) |
| 9:38 | Create | Villager (Male) |
| 10:36 | Build | Dock |
| 10:39 | Create | Villager (Male) |
| 10:39 | Create | Villager (Male) |
| 11:07 | Create | Fishing Ship |
| 11:31 | Build | Mining Camp |
| 11:43 | Create | Villager (Male) |
| 11:54 | Build | Mining Camp |
| 12:04 | Create | Villager (Male) |
| 12:20 | Create | Fishing Ship |
| 12:21 | Create | Fishing Ship |
| 12:40 | Build | House |
| 12:51 | Create | Fishing Ship |
| 13:18 | Create | Fishing Ship |
| 13:25 | Build | House |
| 13:47 | Create | Fishing Ship |
| 13:50 | Create | Fishing Ship |
| 14:03 | Create | Fishing Ship |
| 14:36 | Research | Feudal Age |
| 14:45 | Create | Fishing Ship |
| 14:47 | Create | Fishing Ship |
| 14:52 | Create | Fishing Ship |
| 16:18 | Create | Villager (Male) |
| 16:18 | Create | Villager (Male) |
| 16:23 | Build | House |
| 16:25 | Build | House |
| 16:30 | Create | Villager (Male) |
| 16:46 | Age | Feudal Age |
| 16:50 | Build | Blacksmith |
| 17:02 | Build | Market |
| 17:07 | Build | Mining Camp |
| 17:13 | Build | Fish Trap |
| 17:26 | Build | Fish Trap |
| 17:37 | Research | Wheelbarrow |
| 18:02 | Build | Fish Trap |
| 18:21 | Research | Castle Age |
| 18:25 | Build | Fish Trap |
| 18:41 | Build | Stone Wall |
| 18:44 | Build | Stone Wall |
| 18:48 | Build | Stone Wall |
| 18:52 | Build | Stone Wall |
| 18:59 | Build | Stone Wall |
| 19:02 | Build | Gate |
| 19:04 | Build | Gate |
| 19:06 | Build | Gate |
| 19:18 | Build | Stone Wall |
| 19:20 | Build | Gate |
| 19:22 | Build | Gate |
| 19:28 | Research | Tech 906 |
| 19:38 | Build | Fish Trap |
| 19:41 | Build | Fish Trap |
| 19:44 | Build | Fish Trap |
| 19:47 | Create | Fishing Ship |
| 19:48 | Create | Fishing Ship |
| 19:48 | Create | Fishing Ship |
| 20:06 | Build | Fish Trap |
| 20:10 | Build | Fish Trap |
| 20:27 | Build | Dock |
| 20:47 | Build | Fish Trap |
| 20:51 | Research | Double-Bit Axe |
| 21:01 | Research | Gold Mining |
| 21:15 | Build | Fish Trap |
| 21:27 | Research | Stone Mining |
| 21:32 | Age | Castle Age |
| 21:38 | Research | Gillnets |
| 22:21 | Build | Fish Trap |
| 22:24 | Build | Fish Trap |
| 22:27 | Build | Fish Trap |
| 22:51 | Build | Barracks |
| 23:24 | Create | Villager (Male) |
| 23:25 | Create | Villager (Male) |
| 23:33 | Research | Caravan |
| 23:34 | Create | Trade Cart |
| 23:35 | Create | Trade Cart |
| 23:35 | Create | Trade Cart |
| 23:47 | Build | Town Center |
| 24:24 | Build | Town Center |
| 24:31 | Create | Villager (Male) ×5 |
| 24:43 | Create | Militia |
| 24:43 | Create | Militia |
| 24:43 | Create | Militia |
| 24:44 | Research | Man-at-Arms (upgrade) |
| 24:47 | Research | Arson |
| 24:52 | Research | Man-at-Arms (upgrade) |
| 24:54 | Research | Squires |
| 25:36 | Create | Fishing Ship |
| 25:36 | Create | Fishing Ship |
| 25:36 | Create | Fishing Ship |
| 25:52 | Research | Forging |
| 26:23 | Build | Fish Trap |
| 26:29 | Build | Monastery |
| 26:32 | Build | University |
| 26:37 | Research | Stone Shaft Mining |
| 26:55 | Research | Hand Cart |
| 26:56 | Create | Villager (Male) ×4 |
| 27:07 | Create | Villager (Male) |
| 27:08 | Create | Villager (Male) |
| 27:11 | Build | Fish Trap |
| 27:43 | Build | Dock |
| 27:51 | Build | House |
| 27:56 | Build | Fish Trap |
| 28:05 | Build | House |
| 28:11 | Create | Monk |
| 28:11 | Create | Monk |
| 28:13 | Research | Fervor |
| 28:35 | Create | Villager (Male) |
| 28:35 | Create | Villager (Male) |
| 28:42 | Create | Fishing Ship |
| 28:43 | Create | Fishing Ship |
| 28:45 | Create | Fishing Ship |
| 28:45 | Create | Fishing Ship |
| 29:25 | Research | Fortified Wall (upgrade) |
| 29:25 | Research | Ballistics |
| 29:26 | Research | Treadmill Crane |
| 29:27 | Research | Murder Holes |
| 29:32 | Research | Ballistics |
| 29:37 | Build | Fish Trap |
| 29:43 | Build | Fish Trap |
| 29:50 | Build | House |
| 29:58 | Build | Archery Range |
Match timeline
| 0:38 | Rythir · wall_segment Palisade Wall x8 |
| 0:43 | Rythir · wall_segment Palisade Wall x10 |
| 0:45 | Rythir · wall_segment Palisade Wall x14 |
| 0:51 | Rythir · wall_segment Palisade Wall x20 |
| 1:25 | Marth · wall_segment Palisade Wall x10 |
| 2:13 | Ikkon27 · wall_segment Palisade Wall x10 |
| 2:38 | Asdizio · wall_segment Palisade Wall x10 |
| 2:40 | Asdizio · wall_segment Palisade Wall x7 |
| 2:43 | ACS905870 · wall_segment Palisade Wall x11 |
| 3:46 | 7up · wall_segment Palisade Wall x14 |
| 4:43 | Marth · wall_segment Palisade Wall x9 |
| 8:50 | Kato · wall_segment Palisade Wall x10 |
| 9:14 | Asdizio · first_building Dock |
| 9:23 | Pipy_Skunk · wall_segment Palisade Wall x19 |
| 10:23 | Kato · first_building Barracks |
| 10:30 | Ikkon27 · age_up feudal |
| 10:55 | 7up · first_building Barracks |
| 11:24 | Pipy_Skunk · wall_segment Palisade Wall x16 |
| 12:20 | 7up · age_up feudal |
| 12:53 | 7up · wall_segment Stone Wall x17 |
| 13:34 | 7up · wall_segment Stone Wall x18 |
| 13:52 | Pipy_Skunk · age_up feudal |
| 14:16 | Ikkon27 · first_building Barracks |
| 14:29 | Kato · age_up feudal |
| 15:25 | Rythir · age_up feudal |
| 15:44 | Rythir · wall_segment Stone Wall x16 |
| 16:21 | Ikkon27 · first_building Stable |
| 16:46 | Asdizio · age_up feudal |
| 18:00 | 7up · first_building Dock |
| 18:12 | Rythir · wall_segment Stone Wall x13 |
| 18:22 | Marth · age_up feudal |
| 18:31 | Marth · wall_segment Stone Wall x6 |
| 18:37 | Marth · wall_segment Stone Wall x6 |
| 18:41 | Asdizio · wall_segment Stone Wall x5 |
| 18:44 | Asdizio · wall_segment Stone Wall x4 |
| 18:48 | Asdizio · wall_segment Stone Wall x8 |
| 18:52 | Asdizio · wall_segment Stone Wall x7 |
| 18:56 | Marth · wall_segment Stone Wall x11 |
| 18:59 | Asdizio · wall_segment Stone Wall x14 |
| 19:18 | Asdizio · wall_segment Stone Wall x14 |
| 19:46 | ACS905870 · first_building Barracks |
| 19:49 | Kato · age_up castle |
| 20:27 | Kato · first_building Monastery |
| 20:27 | Rythir · wall_segment Stone Wall x14 |
| 21:32 | Asdizio · age_up castle |
| 21:42 | Rythir · first_building Barracks |
| 21:46 | Marth · first_building Barracks |
| 21:47 | ACS905870 · wall_segment Stone Wall x9 |
| 22:43 | Ikkon27 · wall_segment Stone Wall x11 |
| 22:51 | Asdizio · first_building Barracks |
| 23:04 | Rythir · first_building Stable |
| 23:26 | Pipy_Skunk · age_up castle |
| 23:50 | Ikkon27 · wall_segment Stone Wall x10 |
| 23:59 | Rythir · first_building Archery Range |
| 24:31 | Kato · first_building Castle |
| 25:05 | Rythir · wall_segment Stone Wall x13 |
| 25:14 | 7up · first_building Stable |
| 26:07 | ACS905870 · first_building Monastery |
| 26:08 | Rythir · wall_segment Stone Wall x1 |
| 26:27 | Rythir · age_up castle |
| 26:29 | Asdizio · first_building Monastery |
| 26:47 | Ikkon27 · wall_segment Palisade Wall x5 |
| 27:05 | ACS905870 · wall_segment Stone Wall x20 |
| 27:26 | 7up · age_up castle |
| 27:30 | Marth · age_up castle |
| 28:01 | Marth · first_building Castle |
| 28:07 | Ikkon27 · age_up castle |
| 28:17 | Pipy_Skunk · wall_segment Stone Wall x12 |
| 28:19 | Ikkon27 · first_market_buy 100 stone |
| 28:28 | Rythir · wall_segment Stone Wall x14 |
| 28:32 | Rythir · wall_segment Stone Wall x9 |
| 28:33 | ACS905870 · wall_segment Stone Wall x13 |
| 28:36 | Marth · first_building Monastery |
| 28:47 | 7up · first_market_sell 100 food |
| 28:49 | 7up · first_market_buy 100 wood |
| 29:45 | ACS905870 · wall_segment Stone Wall x3 |
| 29:49 | Ikkon27 · first_building Monastery |
| 29:58 | Asdizio · first_building Archery Range |
| 30:40 | Rythir · first_building Monastery |
| 30:45 | Pipy_Skunk · first_building Stable |
| 31:14 | Pipy_Skunk · first_building Barracks |
| 31:29 | ACS905870 · wall_segment Stone Wall x8 |
| 31:40 | Asdizio · first_building Castle |
| 31:54 | Pipy_Skunk · age_up imperial |
| 32:27 | Asdizio · first_market_sell 100 wood |
| 32:28 | Asdizio · first_market_buy 100 food |
| 33:06 | Marth · first_building Stable |
| 33:20 | Kato · age_up imperial |
| 33:39 | Asdizio · first_building Siege Workshop |
| 33:58 | Pipy_Skunk · first_building Castle |
| 34:17 | Ikkon27 · first_market_sell 100 food |
| 34:35 | 7up · wall_segment Stone Wall x13 |
| 34:50 | 7up · wall_segment Stone Wall x6 |
| 35:03 | 7up · wall_segment Stone Wall x28 |
| 35:14 | Pipy_Skunk · first_building Siege Workshop |
| 35:16 | ACS905870 · first_building Stable |
| 35:37 | Kato · first_building Siege Workshop |
| 35:58 | Marth · first_building Siege Workshop |
| 36:12 | Ikkon27 · first_building Castle |
| 36:17 | 7up · wall_segment Stone Wall x9 |
| 36:19 | Asdizio · age_up imperial |
| 36:37 | 7up · wall_segment Stone Wall x15 |
| 36:39 | ACS905870 · wall_segment Stone Wall x11 |
| 36:40 | Rythir · first_building Castle |
| 36:45 | 7up · wall_segment Stone Wall x7 |
| 36:55 | 7up · wall_segment Stone Wall x4 |
| 37:51 | Pipy_Skunk · wall_segment Stone Wall x11 |
| 39:43 | Marth · age_up imperial |
| 40:05 | Marth · wall_segment Stone Wall x12 |
| 40:15 | ACS905870 · wall_segment Stone Wall x9 |
| 40:28 | ACS905870 · first_building Castle |
| 40:57 | Rythir · wall_segment Stone Wall x15 |
| 41:18 | Ikkon27 · age_up imperial |
| 41:40 | 7up · first_building Castle |
| 42:02 | Marth · first_market_buy 100 wood |
| 44:28 | Rythir · first_building Siege Workshop |
| 45:07 | ACS905870 · wall_segment Stone Wall x2 |
| 45:35 | ACS905870 · wall_segment Stone Wall x12 |
| 47:53 | Marth · wall_segment Stone Wall x15 |
| 48:32 | 7up · age_up imperial |
| 49:48 | Rythir · age_up imperial |
| 50:13 | Marth · wall_segment Stone Wall x1 |
| 50:41 | ACS905870 · first_market_sell 500 food |
| 53:19 | Marth · first_building Archery Range |
| 54:26 | 7up · first_building Siege Workshop |
| 55:34 | ACS905870 · resign |
| 55:38 | Marth · wall_segment Stone Wall x4 |
[ AI ANALYSIS · 1 CREDIT ]
What really happened in this match?
Wolo.gg analyzes every decision: build order, eco, micro, common mistakes by bracket. Personalized analysis on WhatsApp or Discord in 30 seconds.
Civ guide
Magyars
Map guide
Black Forest
Perfil
Jugador #149765